 Dungeon Crawl Stone Soup version 0.29-a0-371-g91724d5b39 (webtiles) character file.

Game seed: 11793369399642449314

633 bande the Chopper (level 7, 0/44 HPs)
             Began as a Gargoyle Fighter on May 2, 2022.
             Slain by Duvessa
             ... wielding a +0 rapier
              (5 damage)
             ... on level 5 of the Dungeon.
             The game lasted 00:08:47 (4759 turns).

bande the Chopper (Gargoyle Fighter)                Turns: 4759, Time: 00:08:47

Health: 0/44       AC: 16    Str: 26    XL:     7   Next: 49%
Magic:  7/7        EV:  8    Int:  8    God:
Gold:   1485       SH:  4    Dex: 11    Spells: 6/6 levels left

rFire   . . .      SeeInvis .   a - +1 war axe (chaos)
rCold   . . .      Faith    .   c - +0 buckler
rNeg    + . .      Spirit   .   g - +0 chain mail
rPois   ∞          Reflect  .   (no helmet)
rElec   +          Harm     .   (no cloak)
rCorr   .          Rampage  .   e - +1 pair of gloves
Will    .....                   (no boots)
Stlth   ..........              (no amulet)
HPRegen 0.14/turn               j - +6 ring of strength
MPRegen 0.10/turn               (no ring)

@: studying 2 skills
A: sickness immunity, AC +4, negative energy resistance 1, electricity
resistance, torment resistance 1, petrification resistance
a: no special abilities


You were on level 5 of the Dungeon.
You visited 1 branch of the dungeon, and saw 5 of its levels.
You also visited: Ossuary.

You collected 1485 gold pieces.

Inventory:

Hand Weapons
 a - a +1 war axe of chaos (weapon)
 w - a +0 morningstar
Armour
 c - a +0 buckler (worn)
 e - a +1 pair of gloves (worn)
 g - a +0 chain mail (worn)
Jewellery
 j - a +6 ring of strength (left hand)
Scrolls
 f - a scroll of fog
 m - 3 scrolls of identify
 o - 2 scrolls of summoning {unknown}
 p - a scroll of amnesia
 r - a scroll of immolation {unknown}
 s - a scroll of acquirement
 t - a scroll of enchant armour
 u - a scroll of fear {unknown}
Potions
 b - a potion of cancellation
 d - a potion of might
 h - a potion of magic
 i - a potion of curing {unknown}
 k - 2 potions of invisibility {unknown}
 l - 3 potions of heal wounds
 n - a potion of mutation
 q - a potion of lignification {unknown}
 v - a potion of berserk rage {unknown}


   Skills:
 + Level 4.9 Fighting
 + Level 5.6 Axes
 + Level 4.9 Armour
 + Level 4.3 Shields


You had 6 spell levels left.
You didn't know any spells.
Your spell library contained the following spells:

 Spells                   Type           Power      Damage    Failure   Level
 Magic Dart               Conj           0%         1d3       98%         1
 Slow                     Hex            0%         N/A       98%         1
 Confusing Touch          Hex            0%         N/A       100%        3
 Vampiric Draining        Necr           0%         2d6       100%        3


Dungeon Overview and Level Annotations

Branches:
Dungeon (5/15)            Ossuary (visited)
 Temple: D:4-7

Altars:
Fedhas

Annotations:
D:5 Duvessa


Innate Abilities, Weirdness & Mutations

You are immune to sickness and miasma.
Your stone body is resilient. (AC +4)
You are immune to poison.
You resist negative energy. (rN+)
You are resistant to electric shocks. (rElec)
You are resistant to unholy torment.
You are immune to petrification.


Message History

Duvessa zaps a wand.
The puff of flame hits you but does no damage.
You slash Dowan! You burn Dowan.
Dowan is severely wounded.
You slash Duvessa! You freeze Duvessa.
Dowan points at you and mumbles some strange words.
The puff of flame hits you! Duvessa barely misses you.
You closely miss Dowan.
Dowan is severely wounded.
You barely miss Duvessa. Duvessa hits you with a +0 rapier.
Dowan barely misses you.
Duvessa zaps a wand.
The puff of flame hits you but does no damage.
Dowan hits you but does no damage.
You miss Dowan.
Dowan is severely wounded.
You hit Duvessa but do no damage.
Duvessa says, "When magic and the sword combine, nothing stands against them."
Duvessa closely misses you.
Dowan casts a spell.
Dowan blinks!
You hit Duvessa.
Duvessa is moderately wounded.
Duvessa hits you with a +0 rapier! Dowan closely misses you.
Duvessa zaps a wand.
The puff of flame misses you.
The puff of flame hits Dowan!
Dowan dies!
Duvessa screams in horror.
Duvessa goes berserk!
Unknown command.
Things that are here:
a +0 dagger; a +0 robe; the elf corpse of Dowan Unknown command.
You closely miss Duvessa.
Duvessa is moderately wounded.
Duvessa hits you with a +0 rapier. Duvessa hits you with a +0 rapier!
* * * LOW HITPOINT WARNING * * *
You barely miss Duvessa.
Duvessa is moderately wounded.
Duvessa hits you but does no damage. Duvessa hits you with a +0 rapier.
You die...

#...##.##.#.#.#....
#..##).......[.#
#...)†.......####.
#.#######......... #.#
##.####### #(# #.# #.#
#.# #####.## ##'##
#......# ##.@.##
#.##...# ##..e..##
#.##.#.# ##.......##
###.#....###.........#
...........+.........+
#####...####..(......#
##.## ##.......## #.#
##.....## #.# ##...##


You could see Duvessa (berserk).

Vanquished Creatures
  Menkaure (Ossuary)
  An ogre (D:5)
  A scorpion (D:4)
  An orc priest (D:5)
  An iguana (D:5)
  2 orc wizards (D:5)
  2 mummies (Ossuary)
  6 adders
  An ufetubus (D:4)
  A worm (D:2)
  2 dart slugs
  18 orcs
  3 ball pythons
  3 bats
  4 giant cockroaches
  4 gnoll zombies (Ossuary)
  5 goblins
  7 hobgoblins
  9 jackals
  4 kobolds
  5 quokkas
  A frilled lizard (D:3)
  A gnoll skeleton (Ossuary)
  A goblin skeleton (Ossuary)
  7 goblin zombies
  7 hobgoblin skeletons (Ossuary)
  3 hobgoblin zombies (Ossuary)
  3 kobold skeletons (Ossuary)
  4 kobold zombies (Ossuary)
  7 orc skeletons (Ossuary)
  4 orc zombies (Ossuary)
  A quokka zombie (D:4)
  6 rats
  6 rat skeletons (Ossuary)
  4 rat zombies (Ossuary)
136 creatures vanquished.

Vanquished Creatures (others)
  Dowan (D:5)
  A fungus (D:2)
  3 plants (D:2)
5 creatures vanquished.

Grand Total: 141 creatures vanquished

Notes
Turn   | Place    | Note
-------+----------+-------------------------------------------
     0 | D:1      | bande the Gargoyle Fighter began the quest for the Orb.
     0 | D:1      | Reached XP level 1. HP: 14/14 MP: 1/1
   386 | D:1      | Reached XP level 2. HP: 19/19 MP: 2/2
   689 | D:1      | Reached skill level 2 in Axes
   959 | D:2      | Reached XP level 3. HP: 24/24 MP: 3/3
  1091 | D:2      | Found a faded altar of an unknown god.
  1103 | D:2      | Got Plato's Almanac of Conjuration
  1801 | D:3      | Reached XP level 4. HP: 24/29 MP: 4/4
  2977 | D:4      | Identified 3 scrolls of acquirement
  2977 | D:4      | Acquired 1223 gold pieces
  3048 | D:4      | Reached skill level 3 in Axes
  3053 | D:4      | Acquired a manual of Shields
  3057 | D:4      | Noticed a scorpion
  3068 | D:4      | Killed a scorpion
  3069 | D:4      | Reached XP level 5. HP: 25/33 MP: 5/5
  3212 | D:4      | Found a blossoming altar of Fedhas.
  3409 | D:4      | Found a sand-covered staircase.
  3417 | Ossuary  | Entered an ossuary
  3777 | Ossuary  | Noticed Menkaure
  3787 | Ossuary  | HP: 1/33 [mummy (8)]
  3792 | Ossuary  | Reached skill level 4 in Axes
  3792 | Ossuary  | Reached XP level 6. HP: 2/38 MP: 6/6
  3797 | Ossuary  | Killed Menkaure
  4314 | D:5      | Entered Level 5 of the Dungeon
  4317 | D:5      | Reached skill level 5 in Axes
  4317 | D:5      | Reached XP level 7. HP: 44/44 MP: 7/7
  4747 | D:5      | Noticed Duvessa
  4747 | D:5      | Noticed Dowan
  4755 | D:5      | Killed Dowan
  4759 | D:5      | Slain by Duvessa

Illustrated notes

Levels and vault maps discovered:
D:1:      ncdulo_halloftheorcs, layout_basic
D:2:      layout_basic, shapermc_ecumenical_altar_rom_forum, item_on_display_a
D:3:      layout_basic
D:4:      layout_rooms, fedhas_altar_fruit_tree, enter_ossuary_4,
          minmay_misc_feat_hallway, hangedman_decor_points, minmay_manual_mess
D:5:      layout_loops_corners, nicolae_qazlal_eye_of_the_storm,
          cheibrodos_worm_habitat, minivault_24, uniq_duvessa, uniq_ijyb

Skill      XL: |  1  2  3  4  5  6 |
---------------+-------------------+-----
Axes           | 2 3 4 5 |  5.6
Armour         | 4 |  4.9
Fighting       | 4 |  4.9
Shields        | 4 |  4.3

Action                   |  1- 3 |  4- 6 |  7- 9 || total
-------------------------+-------+-------+-------++-------
Melee: War axe           |   100 |   192 |    39 ||   331
  Use: Scroll            |       |    14 |       ||    14
       Potion            |       |     2 |     1 ||     3
Armor: Scale mail        |    11 |       |       ||    11
       Chain mail        |    60 |   116 |    42 ||   218
Dodge: Dodged            |    47 |    86 |    14 ||   147
Block: Buckler           |    23 |    47 |     4 ||    74

Table legend: (Time is in decaauts)
 A = Elapsed time spent in this place.
 B = Non-inter-level travel time spent in this place.
 C = Inter-level travel time spent in this place.
 D = Time resting spent in this place.
 E = Time spent auto-exploring this place.
 F = Levels seen in this place.
 G = Mean time per level.
                   A        B        C        D        E       F      G
               +--------+--------+--------+--------+--------+-----+--------+
         Total |   4882 |   4736 |    146 |    210 |   3512 |   6 |  813.7 |
       Dungeon |   4235 |   4089 |    146 |      0 |   3311 |   5 |  847.0 |
       Ossuary |    646 |    646 |      0 |    210 |    201 |   1 |  646.0 |
               +--------+--------+--------+--------+--------+-----+--------+

Top non-repeatable levels by time:
     D:3: 1285 daAuts
     D:1: 868 daAuts
     D:2: 836 daAuts
     D:4: 789 daAuts
 Ossuary: 646 daAuts
     D:5: 455 daAuts
